 Dungeon Crawl Stone Soup version 0.29.1-15-g9cfb28693d (webtiles) character file.

Game seed: 9232772804384160850

625 Heoruswealwe the Shield-Bearer (level 7, -2/62 HPs)
             Began as a Minotaur Fighter on Mar 12, 2023.
             Was a Priest of Elyvilon.
             Slain by Sigmund
             ... wielding a +0 scythe
              (4 damage)
             ... on level 5 of the Dungeon on Mar 13, 2023.
             The game lasted 00:50:38 (4448 turns).

Heoruswealwe the Shield-Bearer (Minotaur Fighter)   Turns: 4448, Time: 00:50:39

Health: -2/62      AC: 16    Str: 22    XL:     7   Next: 23%
Magic:  6/6        EV:  6    Int:  5    God:    Elyvilon [***...]
Gold:   185        SH:  5    Dex: 10    Spells: 6/6 levels left

rFire   . . .      SeeInvis .   a - +0 war axe
rCold   . . .      Faith    .   c - +0 buckler
rNeg    + . .      Spirit   .   t - +0 plate armour
rPois   .          Reflect  .   q - +0 hat
rElec   .          Harm     .   (no cloak)
rCorr   .          Rampage  .   (no gloves)
Will    .....                   (no boots)
Stlth   ..........              (no amulet)
HPRegen 0.20/turn               e - ring of positive energy
MPRegen 0.10/turn               m - +4 ring of protection

@: no status effects
A: horns 2, retaliatory headbutt
a: Renounce Religion, Purification, Heal Other, Heal Self


You were on level 5 of the Dungeon.
You worshipped Elyvilon.
Elyvilon was most pleased with you.
You visited 1 branch of the dungeon, and saw 5 of its levels.

You collected 185 gold pieces.

Inventory:

Hand Weapons
 a - a +0 war axe (weapon)
Armour
 c - a +0 buckler (worn)
 q - a +0 hat (worn)
 t - a +0 plate armour (worn)
Jewellery
 e - a ring of positive energy (left hand)
 m - a +4 ring of protection (right hand)
Scrolls
 b - a scroll of enchant weapon {unknown}
 h - 2 scrolls of enchant armour
 l - 3 scrolls of teleportation
 n - a scroll of blinking {unknown}
 s - a scroll of vulnerability {unknown}
 v - a scroll of fear {unknown}
 w - a scroll of fog {unknown}
Potions
 d - a potion of might
 f - 2 potions of brilliance
 g - 2 potions of attraction {unknown}
 i - a potion of invisibility
 j - 2 potions of haste {unknown}
 k - a potion of lignification {unknown}
 o - 2 potions of curing {unknown}
 p - a potion of flight
 r - 3 potions of heal wounds {unknown}
 u - a potion of cancellation {unknown}


   Skills:
 + Level 5.9 Fighting
 + Level 5.2 Axes
 + Level 5.9 Armour
 + Level 5.9 Shields


You had 6 spell levels left.
You didn't know any spells.
Your spell library contained the following spells:

 Spells                   Type           Power      Damage    Failure   Level
 Beastly Appendage        Tmut           0%         N/A       100%        1
 Blink                    Tloc           0%         N/A       100%        2
 Wereblood                Tmut           0%         N/A       100%        2
 Lesser Beckoning         Tloc           0%         N/A       100%        3
 Spider Form              Tmut/Pois      0%         N/A       100%        3
 Manifold Assault         Tloc           0%         N/A       100%        5


Dungeon Overview and Level Annotations

Branches:
Dungeon (5/15)
 Temple: D:4-7

Altars:
Elyvilon
Trog

Shops:
D:1 =   D:2 *

Annotations:
D:5 Sigmund


Innate Abilities, Weirdness & Mutations

You have a pair of horns on your head.
You reflexively headbutt those who attack you in melee.


Message History

Sigmund points at you and mumbles some strange words.
The puff of flame hits you.
You slash Sigmund! You headbutt Sigmund, but do no damage.
Sigmund is moderately wounded.
Sigmund gestures wildly while chanting.
Sigmund flickers and vanishes!
Deactivating autopickup; reactivate with Ctrl-A.
You slash something! Something completely misses you.
You miss something.
You hear some strange, mumbled words.
You are confused.
You hear a zap.
A bolt of light appears from out of thin air!
The bolt of light hits you!
You are more confused.
A magic dart appears from out of thin air!
The magic dart hits you. Something hits you but does no damage.
Something hits you but does no damage.
You hear a zap.
A bolt of light appears from out of thin air!
The bolt of light hits you!
You hear a zap.
A bolt of light appears from out of thin air!
The bolt of light hits you!
* * * LOW HITPOINT WARNING * * *
A puff of flame appears from out of thin air!
The puff of flame hits you but does no damage.
You bump into the rock wall.
You feel less confused.
You hear some strange, mumbled words.
Something tries to affect you, but you resist.
A puff of flame appears from out of thin air!
The puff of flame hits you.
* * * LOW HITPOINT WARNING * * *
A magic dart appears from out of thin air!
The magic dart hits you.
* * * LOW HITPOINT WARNING * * *
Something hits you.
You die...

#.# #.# #<#
#.# #.# #.#
#.# #.# #.#
#.# ..# #.#
#.#
#####.#######
#....@......#
#....{......#
#...........#
#.).........#
#...........#
#...........#
+.........$.#
#...........#
#############


There were no monsters in sight!

Vanquished Creatures
  Menkaure (D:5)
  Edmund (D:5)
  A scorpion (D:5)
  A hound (D:4)
  An orc priest (D:4)
  An iguana (D:4)
  2 orc wizards (D:4)
  7 gnolls (D:4)
  5 adders
  2 worms (D:3)
  2 dart slugs (D:4)
  6 orcs
  8 endoplasms
  5 giant cockroaches
  4 goblins
  8 hobgoblins
  6 jackals (D:1)
  A quokka (D:1)
  7 ball pythons
  4 bats
  9 frilled lizards
  3 kobolds (D:1)
  7 rats
  8 bushes (D:1)
100 creatures vanquished.

Notes
Turn   | Place    | Note
-------+----------+-------------------------------------------
     0 | D:1      | Heoruswealwe the Minotaur Fighter began the quest for the
                  | Orb.
     0 | D:1      | Reached XP level 1. HP: 19/19 MP: 0/0
     3 | D:1      | Found a bloodstained altar of Trog.
   163 | D:1      | Reached XP level 2. HP: 22/27 MP: 1/1
   585 | D:1      | Found Quppa's Jewellery Shop.
   714 | D:1      | Reached XP level 3. HP: 27/33 MP: 2/2
  1222 | D:2      | Found Pemepiun's General Store.
  1802 | D:2      | Found a faded altar of an unknown god.
  1806 | D:2      | Prayed at the altar of an unknown god.
  1806 | D:2      | Became a worshipper of Elyvilon the Healer
  1806 | D:2      | Reached * piety under Elyvilon
  1878 | D:2      | Reached XP level 4. HP: 41/41 MP: 3/3
  2538 | D:3      | Reached ** piety under Elyvilon
  3112 | D:4      | Reached XP level 5. HP: 29/47 MP: 4/4
  3221 | D:4      | Reached skill level 5 in Armour
  3221 | D:4      | Reached skill level 5 in Shields
  3263 | D:4      | Reached skill level 5 in Fighting
  3670 | D:4      | Reached XP level 6. HP: 37/56 MP: 5/5
  4041 | D:4      | Reached *** piety under Elyvilon
  4174 | D:5      | Entered Level 5 of the Dungeon
  4279 | D:5      | Noticed Menkaure
  4287 | D:5      | Killed Menkaure
  4350 | D:5      | Noticed Edmund
  4358 | D:5      | Reached skill level 5 in Axes
  4358 | D:5      | Reached XP level 7. HP: 52/62 MP: 6/6
  4363 | D:5      | Killed Edmund
  4425 | D:5      | Noticed Sigmund
  4447 | D:5      | HP: 1/62 [something/magic dart (6)]
  4448 | D:5      | Slain by Sigmund

Illustrated notes

Levels and vault maps discovered:
D:1:      sevenhm_arrival_forest_fort_small_6, layout_loops_ring, serial_shops,
          shop, dreamdust_princess_bridge
D:2:      layout_loops_cross, hellmonk_ecumenical_altar_lost_god, serial_shops,
          nicolae_square_shop
D:3:      layout_basic
D:4:      layout_layer_cave, grunt_ministairs_12
D:5:      layout_basic, cheibrodos_sewer_entry_bend, st_stairs_5,
          chequers_serial_rivers_micro_a, uniq_menkaure, uniq_edmund,
          uniq_sigmund

Skill      XL: |  1  2  3  4  5  6 |
---------------+-------------------+-----
Shields        | 4 5 |  5.9
Fighting       | 4 5 |  5.9
Armour         | 4 5 |  5.9
Axes           | 3 4 5 |  5.2

Action                   |  1- 3 |  4- 6 |  7- 9 || total
-------------------------+-------+-------+-------++-------
Melee: War axe           |   326 |   117 |    10 ||   453
       Headbutt          |    85 |    21 |     1 ||   107
  Use: Scroll            |     6 |     3 |       ||     9
       Potion            |     1 |       |       ||     1
Armor: Scale mail        |    41 |    42 |       ||    83
       Plate armour      |       |     7 |     7 ||    14
Dodge: Dodged            |    34 |    42 |     3 ||    79
Block: Buckler           |    11 |    29 |     1 ||    41
